 Dungeon Crawl Stone Soup version 0.21-a0-221-gfe971b9 (webtiles) character file.

30 tidbits the Grave Robber (level 2, 0/20 HPs)
             Began as a Demigod Necromancer on Aug 26, 2017.
             Slain by a killer bee (1 damage)
             ... on level 4 of the Dungeon.
             The game lasted 00:04:51 (511 turns).

tidbits the Grave Robber (Demigod Necromancer)       Turns: 511, Time: 00:04:52

Health: 0/20       AC:  3    Str: 11    XL:     2   Next: 87%
Magic:  4/7        EV: 12    Int: 19    God:
Gold:   45         SH:  0    Dex: 16    Spells: 3/5 levels left

rFire    . . .     SeeInvis .   a - +0 dagger
rCold    . . .     Gourm    .   (no shield)
rNeg     . . .     Faith    .   f - +1 robe
rPois    .         Spirit   .   (no helmet)
rElec    .         Reflect  .   (no cloak)
rCorr    .         Harm     .   (no gloves)
MR       .....                  (no boots)
Stlth    ++........             (no amulet)
HPRegen  0.06/turn              (no ring)
MPRegen  0.10/turn              (no ring)

@: about to teleport
A: high mp 1
a: no special abilities


You were on level 4 of the Dungeon.
You were not hungry.

You visited 1 branch of the dungeon, and saw 4 of its levels.

You collected 45 gold pieces.

Inventory:

Hand Weapons
 a - a +0 dagger (weapon)
Missiles
 g - 31 stones
 h - 5 tomahawks (quivered)
 l - 54 arrows
Armour
 f - a +1 robe (worn)
 p - a +0 ring mail
Scrolls
 d - a scroll of remove curse
 k - a scroll of identify {unknown}
Books
 b - a book of Necromancy

   Spells                             Type                      Level
   a - Pain                           Necromancy                   1
   b - Animate Skeleton               Necromancy                   1
   c - Vampiric Draining              Necromancy                   3
   d - Regeneration                   Charms/Necromancy            3
   e - Animate Dead                   Necromancy                   4
   f - Control Undead                 Necromancy                   4
Comestibles
 c - a bread ration
 o - a royal jelly
 q - a chunk of flesh


   Skills:
 - Level 1.7 Dodging
 - Level 1.7 Stealth
 + Level 2.2 Spellcasting
 * Level 4.2 Necromancy


You had 3 spell levels left.
You knew the following spells:

 Your Spells              Type           Power        Failure   Level  Hunger
n - Animate Skeleton      Necr           N/A          2%          1    #......
z - Pain                  Necr           ###.         2%          1    #......


Dungeon Overview and Level Annotations

Branches:
Dungeon (4/15)
 Temple: D:4-7

Annotations:
D:2 Sigmund


Innate Abilities, Weirdness & Mutations

You have an increased reservoir of magic. (+10% MP)


Message History

You climb upwards.
Your mindless thrall stays behind.
There is a stone staircase leading down here.
Sigmund the Dreaded comes into view.
He is wielding a scythe.
Press: ? - help, v - describe, . - travel
Here: Sigmund, wielding a scythe and wearing a robe (resting)
The floor.
Unknown command.
Unknown command.
It was a potion of curing.
You feel better.
It was a potion of flight.
You feel very buoyant.
You fly up into the air.
It was a potion of brilliance.
You feel clever all of a sudden.
It was a potion of cancellation.
Your magical effects are unravelling.
You feel magically purged.
You float gracefully downwards.
You feel a little less clever now.
As you read the scroll labeled ERIUCLA ALESIMP, it crumbles to dust.
You feel blessed for a moment.
It was a scroll of remove curse.
Press: ? - help, . - travel You can't see that place. [the floor.] Placed new exclusion.
There is a stone staircase leading down here.
Found a bloodstained altar of Trog.
Found 24 arrows.
l - 54 arrows (gained 24)
Found a stone staircase leading down.
There is a stone staircase leading down here.
You climb downwards.
Found 7 gold pieces.
There is a stone staircase leading up here.
You now have 41 gold pieces (gained 7).
An adder comes into view.
Casting: Animate Skeleton
Confirm with . or Enter, or press ? or * to list all spells.
Aiming: Pain
Press: ? - help, Shift-Dir - straight line, f - adder
Aim: an adder (resting, chance to defeat MR: 82%)
The adder hisses angrily.
The adder barely resists.
Casting: Pain
Confirm with . or Enter, or press ? or * to list all spells.
Aiming: Pain
Press: ? - help, Shift-Dir - straight line, f/p - adder
Aim: an adder (chance to defeat MR: 82%)
The adder writhes in agony!
Casting: Pain
Confirm with . or Enter, or press ? or * to list all spells.
Aiming: Pain
Press: ? - help, Shift-Dir - straight line, f/p - adder
Aim: an adder (lightly wounded, chance to defeat MR: 82%)
The adder writhes in agony!
Casting: Pain
Confirm with . or Enter, or press ? or * to list all spells.
Aiming: Pain
Press: ? - help, Shift-Dir - straight line, f/p - adder
Aim: an adder (lightly wounded, chance to defeat MR: 82%)
The adder writhes in agony!
The adder closely misses you.
Casting: Pain
Confirm with . or Enter, or press ? or * to list all spells.
Aiming: Pain
Press: ? - help, Shift-Dir - straight line, f/p - adder
Aim: an adder (severely wounded, chance to defeat MR: 82%)
The adder writhes in agony!
You kill the adder!
Found 4 gold pieces.
Found a stone staircase leading down.
A rat comes into view.
You now have 45 gold pieces (gained 4).
Casting: Pain
Confirm with . or Enter, or press ? or * to list all spells.
Aiming: Pain
Press: ? - help, Shift-Dir - straight line, f - rat
Aim: a rat (chance to defeat MR: 89%)
The rat writhes in agony!
You kill the rat!
There is a stone staircase leading down here.
You climb downwards.
There is a stone staircase leading up here. 2 killer bees come into view.
The killer bee buzzes angrily.
The killer bee moves out of view. 2 killer bees come into view.
You aren't carrying any potions.
Unknown command.
As you read the scroll labeled ROBBEESAUZ, it crumbles to dust.
It is a scroll of enchant armour.
Your +0 robe glows green for a moment.
The killer bee barely misses you. The killer bee barely misses you.
As you read the scroll labeled GUTOLI NIOSM, it crumbles to dust.
You feel strangely unstable.
It was a scroll of teleportation.
The killer bee stings you!
* * * LOW HITPOINT WARNING * * *
The killer bee stings you!
* * * LOW HITPOINT WARNING * * *
The killer bee misses you. The killer bee stings you.
You die...

#<# #.#
#.#
#.###
#...#
###.#
#.# #.#
#@# #y#
#y# #.#
#......#
#.######


You could see 2 killer bees.

Vanquished Creatures
  2 adders
  A dart slug (D:1)
  A leopard gecko (D:2)
  A giant cockroach (D:1)
  A goblin (D:1)
  A kobold (D:1)
  2 bats
  2 rats
11 creatures vanquished.

Notes
Turn   | Place    | Note
-------+----------+-------------------------------------------
     0 | D:1      | tidbits the Demigod Necromancer began the quest for the Orb.
     0 | D:1      | Reached XP level 1. HP: 14/14 MP: 5/5
   116 | D:1      | Reached skill level 2 in Spellcasting
   260 | D:2      | Reached XP level 2. HP: 11/20 MP: 4/7
   263 | D:2      | Learned a level 1 spell: Animate Skeleton
   301 | D:2      | Reached skill level 4 in Necromancy
   396 | D:2      | Noticed Sigmund
   427 | D:2      | Found a bloodstained altar of Trog.
   506 | D:4      | Noticed a killer bee
   506 | D:4      | Noticed a killer bee
   507 | D:4      | Noticed a killer bee
   507 | D:4      | Noticed a killer bee
   509 | D:4      | HP: 1/20 [killer bee (7)]
   511 | D:4      | Slain by a killer bee

Vault maps used:
D:1:      dpeg_arrival_boxorama
D:2:      nicolae_overflow_crystal_walls, uniq_sigmund
D:3:      zin_statuary
D:4:      marbit_many_paths, kennysheep_mini_moat, first_bread,
          kennysheep_generic_room_13, uniq_crazy_yiuf_cottage, uniq_duvessa

Skill      XL: |  1  2 |
---------------+-------+-----
Spellcasting   | 2 |  2.2
Necromancy     | 4 |  4.2
Dodging        | |  1.7
Stealth        | |  1.7

Action                   || total
-------------------------++-------
Melee: Dagger            ||     1
Throw: Tomahawk          ||     2
 Cast: Pain              ||    26
       Animate Skeleton  ||     1
  Use: Potion            ||     4
       Scroll            ||     3
Armor: Robe              ||     2
Dodge: Dodged            ||    11

Table legend:
 A = Spawn XP
 B = Non-spawn XP
 C = Spawn XP percentage of total XP
 D = Spawn monster count
 E = Non-spawn monster count
 F = Spawn count percentage of total count
 G = Total turns spent on level
                    A         B        C        D         E        F      G
               +---------+---------+-------+---------+---------+-------+---------
         Total |       0 |      44 |   0.0 |       0 |      11 |   0.0 |   511
               +---------+---------+-------+---------+---------+-------+---------
           D:1 |       0 |      12 |   0.0 |       0 |       6 |   0.0 |   204
           D:2 |       0 |      16 |   0.0 |       0 |       2 |   0.0 |   171
           D:3 |       0 |      16 |   0.0 |       0 |       3 |   0.0 |   120
               +---------+---------+-------+---------+---------+-------+---------

Table legend:
 A = Turns spent in this place as a percentage of turns spent in the entire game.
 B = Non-inter-level travel turns spent in this place as a percentage of non-inter-level travel turns spent in the entire game.
 C = Inter-level travel turns spent in this place as a percentage of turns spent in this place.
 D = Turns resting spent in this place as a percentage of non-inter-level travel turns spent in this place.
 E = Turns spent auto-exploring this place as a percentage of non-inter-level travel turns spent in this place.
 F = Non-inter-level travel turns spent in this place divided by the number of levels of this place that you've seen.
                   A       B       C       D       E      F
               +-------+-------+-------+-------+-------+----------------------
         Total | 100.0 | 100.0 |   1.2 |   0.0 |   0.0 | 126.2
       Dungeon | 100.0 | 100.0 |   1.2 |   0.0 |   0.0 | 126.2
               +-------+-------+-------+-------+-------+----------------------

Table legend:
 A = Kills in this place as a percentage of kills in entire the game.
 B = Kills by you in this place as a percentage of kills by you in the entire game.
 C = Kills by friends in this place as a percentage of kills by friends in the entire game.
 D = Other kills in this place as a percentage of other kills in the entire game.
 E = Experience gained in this place as a percentage of experience gained in the entire game.
 F = Experience gained in this place divided by the number of levels of this place that you have seen.
                   A       B       C       D       E      F
               +-------+-------+-------+-------+-------+----------------------
         Total | 100.0 | 100.0 |   N/A |   N/A | 100.0 |  11.0
       Dungeon | 100.0 | 100.0 |   N/A |   N/A | 100.0 |  11.0
               +-------+-------+-------+-------+-------+----------------------

Vault maps used:
D:1:      dpeg_arrival_boxorama
D:2:      nicolae_overflow_crystal_walls, uniq_sigmund
D:3:      zin_statuary
D:4:      marbit_many_paths, kennysheep_mini_moat, first_bread,
          kennysheep_generic_room_13, uniq_crazy_yiuf_cottage, uniq_duvessa
